 Dungeon Crawl Stone Soup version 0.29-a0-320-g9f8742066b (webtiles) character file.

Game seed: 6071933116506358660

2177 sammy202020 the Skirmisher (level 9, -5/117 HPs)
             Began as a Demonspawn Berserker on Apr 2, 2022.
             Was an Elder of Trog.
             Slain by a wyvern (7 damage)
             ... on level 6 of the Dungeon.
             The game lasted 00:12:58 (7009 turns).

sammy202020 the Skirmisher (Demonspawn Berserker)   Turns: 7009, Time: 00:12:58

Health: -5/117     AC:  9    Str: 20    XL:     9   Next: 11%
Magic:  9/9        EV: 12    Int: 10    God:    Trog [****..]
Gold:   350        SH:  0    Dex: 13    Spells: 8/8 levels left

rFire   . . .      SeeInvis .   a - +1 hand axe
rCold   . . .      Faith    .   (no shield)
rNeg    . . .      Spirit   .   k - +0 chain mail
rPois   .          Reflect  .   (no helmet)
rElec   .          Harm     .   (no cloak)
rCorr   .          Rampage  .   (no gloves)
Will    +....                   (no boots)
Stlth   ..........              (no amulet)
HPRegen 0.29/turn               (no ring)
MPRegen 0.11/turn               (no ring)

@: berserking, very quick
A: repulsion field 2, robust 1, spiny 2, demonic touch 1, strong-willed 1, sense
surroundings 1
a: Renounce Religion, Berserk, Trog's Hand, Brothers in Arms


You were on level 6 of the Dungeon.
You worshipped Trog.
Trog was greatly pleased with you.
You visited 1 branch of the dungeon, and saw 6 of its levels.
You also visited: Sewer.

You collected 380 gold pieces.
You spent 30 gold pieces at shops.

Inventory:

Hand Weapons
 a - a +1 hand axe (weapon)
 m - the +7 trident "Ylukikk" {vorpal, rElec Int+2 SInv}
   (You found it on level 3 of the Dungeon)

   It inflicts extra damage upon your enemies.
   Int:       It affects your intelligence (+2).
   rElec:     It insulates you from electricity.
   SInv:      It lets you see invisible.
 t - a +0 hunting sling
 v - a +0 flail
 A - a +1 whip of flaming
Missiles
 f - 21 poisoned darts
 p - 11 boomerangs (quivered)
 r - 2 throwing nets
Armour
 k - a +0 chain mail (worn)
Wands
 h - a wand of flame (20)
 s - a wand of mindburst (11)
 w - a wand of charming (5)
 x - a wand of digging (3)
 y - a wand of paralysis (14)
Scrolls
 c - a scroll of magic mapping
 d - 4 scrolls of identify
 e - 2 scrolls of blinking
 j - 2 scrolls of enchant weapon
 n - 2 scrolls of teleportation
 q - a scroll of fear
Potions
 b - 2 potions of degeneration
 g - a potion of cancellation
 i - a potion of berserk rage
 l - 3 potions of curing
 o - a potion of might
 u - 2 potions of attraction
 z - 3 potions of lignification
 B - 5 potions of flight
 C - a potion of mutation


   Skills:
 * Level 6.8 Fighting
 * Level 6.2 Axes
 + Level 4.4 Armour
 + Level 4.1 Dodging
 * Level 5.0 Unarmed Combat


You had 8 spell levels left.
You didn't know any spells.
Your spell library was empty.

Dungeon Overview and Level Annotations

Branches:
Dungeon (6/15)              Sewer (visited)
 Temple: D:4-7

Altars:
Uskayaw

Shops:
D:2 ?   D:3 (


Innate Abilities, Weirdness & Mutations

You are surrounded by a moderate repulsion field. (EV +3)
You are robust. (+10% HP)
You are mostly covered in sharp spines.
Your touch may inflict minor irresistible damage on your foes.
You are strong-willed. (Will+)
You passively map a small area around you.


Message History

The bullfrog is struck by your spines. The bullfrog closely misses you.
The wyvern bites you!
* * * LOW HITPOINT WARNING * * *
You hit the wyvern but do no damage.
The wyvern is moderately wounded.
You closely miss the bullfrog. The bullfrog closely misses you.
The wyvern bites you.
* * * LOW HITPOINT WARNING * * *
A red film seems to cover your vision as you go berserk!
You feel yourself moving faster!
You feel mighty! The bullfrog is struck by your spines.
You kill the bullfrog!
Trog accepts your kill. The wyvern is struck by your spines.
The wyvern barely misses you.
Your Unarmed Combat skill increases to level 5!
You hit the wyvern. Your touch misses the wyvern.
The wyvern is severely wounded.
You hit the centaur. The wyvern bites you!
* * * LOW HITPOINT WARNING * * *
The centaur unwields a +0 shortbow.
The centaur wields a +0 whip.
The centaur is struck by your spines. The centaur barely misses you.
The centaur closely misses you.
You hit the centaur.
The centaur is moderately wounded.
You closely miss the wyvern. The wyvern closely misses you.
The centaur hits you with a +0 whip.
* * * LOW HITPOINT WARNING * * *
The centaur barely misses you.
You barely miss the centaur.
The centaur is moderately wounded.
You hit the wyvern but do no damage. The wyvern bites you.
* * * LOW HITPOINT WARNING * * *
The centaur is struck by your spines.
The centaur hits you but does no damage.
The centaur kicks you but does no damage.
You slash the centaur!
You kill the centaur!
Trog accepts your kill.
You hit the wyvern. The wyvern is struck by your spines. The wyvern bites you!
You die...

* #.* #.# *,* #.#
#.# * ..##.## # #
, .....,, , ,.#.
### , .... , , #.#
#.. , , , ,, ..#**
* #.# #.# *
..#.###†# #.###.#
......)l# #.#....
......#@# #......
.##.#,#.# #......
, #, #.# #<))...
#.# #..[... ,
#.###########)....
, , *
#................#
*
##################
, # ,


You could see a wyvern.

Vanquished Creatures
  Grinder (D:4)
  Sigmund (D:5)
  2 ogres
  A centaur (D:6)
  A phantom (D:6)
  A bullfrog (D:6)
  A necrophage (D:4)
  A kobold brigand (D:6)
  5 scorpions
  2 howler monkeys (D:5)
  2 gnoll shamans
  9 hounds
  Jessica (D:2)
  3 iguanas (D:5)
  Natasha (thrice) (D:2)
  8 adders
  23 gnolls
  6 river rats
  An ufetubus (D:4)
  3 worms
  2 dart slugs (D:2)
  An orc (D:5)
  6 endoplasms
  6 giant cockroaches
  19 goblins
  30 hobgoblins
  14 jackals
  11 kobolds
  5 quokkas
  7 ball pythons
  6 bats
  5 frilled lizards
  5 rats
192 creatures vanquished.

Notes
Turn   | Place    | Note
-------+----------+-------------------------------------------
     0 | D:1      | sammy202020 the Demonspawn Berserker began the quest for
                  | the Orb.
     0 | D:1      | Reached XP level 1. HP: 18/18 MP: 1/1
   495 | D:1      | Gained mutation: Your touch may inflict minor irresistible
                  | damage on your foes. [demonic ancestry]
   495 | D:1      | Reached XP level 2. HP: 24/24 MP: 2/2
  1136 | D:1      | Found a faded altar of an unknown god.
  1516 | D:2      | Gained mutation: You are surrounded by a mild repulsion
                  | field. (EV +2) [demonic ancestry]
  1516 | D:2      | Reached XP level 3. HP: 29/29 MP: 3/3
  1705 | D:2      | Found Difynaq's Magic Scroll Emporium.
  1896 | D:2      | Noticed Jessica
  1906 | D:2      | Killed Jessica
  2133 | D:2      | Noticed Natasha
  2137 | D:2      | Gained mutation: You are partially covered in sharp spines.
                  | [demonic ancestry]
  2137 | D:2      | Reached XP level 4. HP: 35/36 MP: 4/4
  2142 | D:2      | Killed Natasha
  2142 | D:2      | Reached ** piety under Trog
  2154 | D:2      | Noticed Natasha
  2159 | D:2      | Killed Natasha
  2306 | D:2      | Noticed Natasha
  2312 | D:2      | Killed Natasha
  2313 | D:2      | Reached skill level 1 in Unarmed Combat
  2313 | D:2      | Reached XP level 5. HP: 36/42 MP: 5/5
  2652 | D:3      | Identified the +7 trident "Ylukikk" {vorpal, rElec Int+2
                  | SInv}
  2907 | D:3      | Found Ehishrezu's Weapon Boutique.
  2915 | D:3      | Bought 5 boomerangs for 30 gold pieces
  3257 | D:3      | Reached *** piety under Trog
  3476 | D:3      | Gained mutation: You are surrounded by a moderate repulsion
                  | field. (EV +3) [demonic ancestry]
  3476 | D:3      | Reached XP level 6. HP: 47/48 MP: 6/6
  3972 | D:4      | Noticed Grinder
  3996 | D:4      | Killed Grinder
  3997 | D:4      | Reached skill level 5 in Fighting
  3997 | D:4      | Gained mutation: You are mostly covered in sharp spines.
                  | [demonic ancestry]
  3997 | D:4      | Reached XP level 7. HP: 32/56 MP: 7/7
  4493 | D:5      | Entered Level 5 of the Dungeon
  4537 | D:5      | Reached skill level 5 in Axes
  4662 | D:5      | Reached XP level 8. HP: 42/63 MP: 8/8
  4905 | D:5      | Noticed Sigmund
  4914 | D:5      | Killed Sigmund
  5408 | D:5      | Reached **** piety under Trog
  5497 | D:5      | Found a hide-covered altar of Uskayaw.
  6231 | D:6      | Gained mutation: You are robust. (+10% HP) [demonic
                  | ancestry]
  6231 | D:6      | Reached XP level 9. HP: 65/78 MP: 9/9
  6324 | D:6      | Found a glowing drain.
  6333 | Sewer    | Entered a sewer
  6540 | Sewer    | Gained mutation: You have a pair of small horns on your
                  | head. [potion of mutation]
  6540 | Sewer    | Gained mutation: Your mind is acute. (Int +2) [potion of
                  | mutation]
  6542 | Sewer    | Lost mutation: Your mind is acute. (Int +2) [potion of
                  | mutation]
  6542 | Sewer    | Lost mutation: You have a pair of small horns on your head.
                  | [potion of mutation]
  6542 | Sewer    | Gained mutation: You passively map a small area around you.
                  | [potion of mutation]
  6542 | Sewer    | Gained mutation: You are strong-willed. (Will+) [potion of
                  | mutation]
  7006 | D:6      | Reached skill level 5 in Unarmed Combat
  7008 | D:6      | HP: 2/117 [wyvern (6)]
  7009 | D:6      | Slain by a wyvern

Illustrated notes

Levels and vault maps discovered:
D:1:      minmay_arrival_doors, layout_basic, basic_ecumenical_altar,
          serial_bayou_lagoon_a, nicolae_figureground_pulse
D:2:      layout_loops_ring, serial_shops, shop, uniq_natasha, uniq_jessica
D:3:      minmay_goblin_kobold_castle, layout_basic, serial_shops,
          nicolae_shop_bloodbath_and_beyond
D:4:      layout_rooms, uniq_grinder
D:5:      layout_basic, nicolae_uskayaw_suspiria, grunt_tough_drop, uniq_sigmund
D:6:      layout_loops_ring, grunt_temple_overflow_cloverleaf,
          portal_sewer_entry_e, uniq_eustachio

Skill      XL: |  1  2  3  4  5  6  7  8  9 |
---------------+----------------------------+-----
Armour         | 2 3 4 |  4.4
Axes           | 3 4 5 6 |  6.2
Dodging        | 2 3 4 |  4.1
Unarmed Combat | 1 2 3 4 5 |  5.0
Fighting       | 4 5 6 |  6.8

Action                   |  1- 3 |  4- 6 |  7- 9 || total
-------------------------+-------+-------+-------++-------
Melee: Hand axe          |    76 |   106 |   183 ||   365
       Touch             |     3 |    26 |    25 ||    54
       Punch             |       |     2 |     4 ||     6
Invok: Trog's Hand       |       |     2 |     1 ||     3
       Berserk           |       |     2 |     1 ||     3
  Use: Scroll            |     7 |     4 |     5 ||    16
       Potion            |       |       |     3 ||     3
Armor: Animal skin       |     2 |       |       ||     2
       Chain mail        |    20 |    51 |    60 ||   131
Dodge: Dodged            |    32 |    55 |   118 ||   205

Table legend: (Time is in decaauts)
 A = Elapsed time spent in this place.
 B = Non-inter-level travel time spent in this place.
 C = Inter-level travel time spent in this place.
 D = Time resting spent in this place.
 E = Time spent auto-exploring this place.
 F = Levels seen in this place.
 G = Mean time per level.
                   A        B        C        D        E       F      G
               +--------+--------+--------+--------+--------+-----+--------+
         Total |   7238 |   7135 |    103 |     20 |   5886 |   7 | 1034.0 |
       Dungeon |   6469 |   6366 |    103 |     20 |   5409 |   6 | 1078.2 |
         Sewer |    768 |    768 |      0 |      0 |    477 |   1 |  768.0 |
               +--------+--------+--------+--------+--------+-----+--------+

Top non-repeatable levels by time:
     D:1: 1430 daAuts
     D:5: 1410 daAuts
     D:3: 1339 daAuts
     D:2: 1129 daAuts
   Sewer: 768 daAuts
     D:4: 641 daAuts
     D:6: 517 daAuts
